cohdb
Replays
Latest Replays
All Replays
Popular Replays
Top Player Replays
Match Explorer
How It Works
Community
CoH3 Stats
Reddit
Sign in to upload your games and track your stats! →
Sign in with Steam
Match 43879495
Unlisted
Match 43879495
Overview
Messages
Build Orders
End
Construct Weapon Support Center
M1919 Machine Gun Team
Sniper
Bazooka Squad
M1919 Machine Gun Team
Selects Heavy Weapons
Selects M2HB .50cal Heavy Machine Gun
Mechanized Support Center
Selects Assault Carriers
M3 Assault Carrier
Engineer Squad
Selects Halftrack Strongpoints
.30 cal Machine Gun
Construct Tank Depot
.30 cal Machine Gun
Macho Man Randy Savage
Lahire PL
Sledge
std::shared_ptr<std::string>();
burak
72ebel
A TRUE BLUE WICKIE
Dadical
0
0
Comments
sign in to comment!
No comments posted yet!